 Dungeon Crawl Stone Soup version 0.29.1-12-g30fa7ad0bf (webtiles) character file.

Game seed: 7989190017983411165

276 112233 the Conjurer (level 6, 0/32 HPs)
             Began as a Tengu Conjurer on Dec 22, 2022.
             Slain by an iguana (10 damage)
             ... on level 5 of the Dungeon.
             The game lasted 00:02:25 (3805 turns).

112233 the Conjurer (Tengu Conjurer)                Turns: 3805, Time: 00:02:26

Health: 0/32       AC:  3    Str:  7    XL:     6   Next: 25%
Magic:  1/13       EV: 14    Int: 20    God:
Gold:   204        SH:  0    Dex: 13    Spells: 6/13 levels left

rFire   . . .      SeeInvis .   c - +4 dagger
rCold   . . .      Faith    .   (no shield)
rNeg    . . .      Spirit   .   a - +0 robe
rPois   .          Reflect  .   (helmet restricted)
rElec   .          Harm     .   (no cloak)
rCorr   .          Rampage  .   l - +0 pair of gloves
Will    .....                   (boots unavailable)
Stlth   ++........              (no amulet)
HPRegen 0.10/turn               (no ring)
MPRegen 0.13/turn               (no ring)

@: flying quickly and evasively, invisible, quick
A: beak, talons 3, nimble flight
a: no special abilities


You were on level 5 of the Dungeon.
You visited 1 branch of the dungeon, and saw 5 of its levels.

You collected 204 gold pieces.

Inventory:

Hand Weapons
 c - a +4 dagger (weapon)
Armour
 a - a +0 robe (worn)
 l - a +0 pair of gloves (worn)
Magical Staves
 n - a staff of air
Jewellery
 h - a ring of ice
Scrolls
 b - 5 scrolls of identify {unknown}
 d - a scroll of acquirement {unknown}
 e - a scroll of enchant armour {unknown}
 f - 2 scrolls of teleportation {unknown}
 g - a scroll of enchant weapon {unknown}
 i - 2 scrolls of poison {unknown}
 j - 2 scrolls of amnesia {unknown}
Potions
 m - a potion of ambrosia {unknown}
 o - 2 potions of curing {unknown}
 p - a potion of brilliance {unknown}


   Skills:
 - Level 2.1 Dodging
 - Level 2.0 Stealth
 + Level 4.3 Spellcasting
 + Level 7.8 Conjurations


You had 6 spell levels left.
You knew the following spells:

 Your Spells              Type           Power      Damage    Failure   Level
a - Magic Dart            Conj           100%       1d8       1%          1
b - Searing Ray           Conj           70%        2d7       1%          2
c - Fulminant Prism       Conj/Hex       9%         3d7       26%         4

Your spell library contained the following spells:

 Spells                   Type           Power      Damage    Failure   Level
 Foxfire                  Conj/Fire      76%        2x1d7     2%          1
 Conjure Flame            Conj/Fire      19%        6-21      8%          3
 Dazzling Flash           Conj/Hex       38%        N/A       8%          3
 Summon Small Mammal      Summ           16%        N/A       12%         1
 Flame Wave               Conj/Fire      19%        2d7       26%         4
 Iskenderun's Mystic Bla  Conj/Tloc      19%        2d6       26%         4
 Call Canine Familiar     Summ           4%         N/A       36%         3
 Confusing Touch          Hex            4%         N/A       36%         3
 Inner Flame              Hex/Fire       4%         N/A       36%         3
 Summon Guardian Golem    Hex/Summ       4%         N/A       36%         3
 Yara's Violent Unravell  Hex/Tmut       2%         3d3       98%         5
 Enfeeble                 Hex            2%         N/A       100%        7


Dungeon Overview and Level Annotations

Branches:
Dungeon (5/15)
 Temple: D:4-7

Altars:
Xom

Annotations:
D:3 exclusion: upstairs
D:4 Edmund


Innate Abilities, Weirdness & Mutations

You have a beak for a mouth.
You have claws for feet.
Your magical nature lets you fly swiftly and evasively.


Message History

The searing ray hits the gnoll but does no damage.
The gnoll is severely wounded.
The gnoll misses you.
The gnoll hits you from afar with a +0 spear.
Unknown command.
You aren't carrying any items that you can evoke.
Unknown command.
Casting: Searing Ray (safe; 1% risk of failure)
Confirm with . or Enter, or press ? or * to list all spells.
Okay, then.
It was a potion of invisibility.
You fade into invisibility!
The gnoll hits you from afar with a +1 vorpal spear.
The gnoll completely misses you.
Unknown command.
You hit the iguana but do no damage. You claw the iguana.
The iguana is moderately wounded.
The iguana completely misses you.
Unknown command.
You hit the iguana but do no damage. You claw the iguana, but do no damage.
The iguana is moderately wounded.
The iguana closely misses you.
Casting: Searing Ray (safe; 1% risk of failure)
Confirm with . or Enter, or press ? or * to list all spells.
Aiming: Searing Ray (safe; 1% risk of failure)
Press: ? - help, Shift-Dir - straight line, f/p - gnoll
Aim: a gnoll, wielding a +0 spear and wearing a +0 chain mail (severely wounded, unable to see you, 88% to hit)
The searing ray hits the iguana but does no damage.
The iguana is moderately wounded.
The searing ray misses the gnoll. (Press . to maintain the ray.)
The iguana bites you.
The searing ray hits the iguana.
The iguana is heavily wounded.
The searing ray hits the gnoll.
The gnoll is severely wounded.
The searing ray hits the gnoll!
The gnoll is almost dead.
The gnoll barely misses you. The iguana bites you!
You die...

#................#
#..........#######
#..........# # #..........#
## #..........# #.
#..........# ##.
..........### #..
#####......##..# ###
#..@#......#...# #
+..l#..)...)...# #
###g#......#..######
#.g...######..#.....
#.....#.......'.....
#...).#.......#.....
g.#.#+##.....#######.#.....
.).lg......#########.###...
.##........#.......#...#...


You could see an iguana (unable to see you) and 2 gnolls.

Vanquished Creatures
  A necrophage (D:5)
  A jelly (D:5)
  8 gnolls
  2 adders
  A white imp (D:5)
  A worm (D:2)
  A dart slug (D:1)
  7 orcs
  4 ball pythons
  3 endoplasms
  A giant cockroach (D:3)
  14 goblins
  5 hobgoblins
  4 jackals (D:1)
  2 quokkas
  3 bats
  4 frilled lizards
  7 kobolds
  9 rats
78 creatures vanquished.

Notes
Turn   | Place    | Note
-------+----------+-------------------------------------------
     0 | D:1      | 112233 the Tengu Conjurer began the quest for the Orb.
     0 | D:1      | Reached XP level 1. HP: 10/10 MP: 4/4
   309 | D:1      | Reached XP level 2. HP: 15/15 MP: 4/6
   312 | D:1      | Learned a level 2 spell: Searing Ray
   542 | D:1      | Found a faded altar of an unknown god.
   794 | D:1      | Reached XP level 3. HP: 19/19 MP: 5/7
   896 | D:1      | Reached skill level 6 in Conjurations
  1883 | D:3      | Reached XP level 4. HP: 24/24 MP: 7/9
  1888 | D:3      | Learned a level 4 spell: Fulminant Prism
  2725 | D:2      | Found a shimmering altar of Xom.
  2904 | D:2      | Gained mutation: Your magical nature lets you fly swiftly
                  | and evasively. [Tengu growth]
  2904 | D:2      | Reached XP level 5. HP: 28/28 MP: 9/11
  3142 | D:2      | Reached skill level 7 in Conjurations
  3387 | D:4      | Noticed Edmund
  3417 | D:5      | Entered Level 5 of the Dungeon
  3582 | D:5      | Reached XP level 6. HP: 32/32 MP: 4/13
  3805 | D:5      | Slain by an iguana

Illustrated notes

Levels and vault maps discovered:
D:1:      dpeg_arrival_morbid_curiosity, layout_basic,
          hellmonk_ecumenical_altar_dog_temple
D:2:      kennysheep_the_goblin_king, layout_rooms, basic_altar
D:3:      layout_loops_ring
D:4:      layout_gridville, led_sif_pool, grunt_gozag_breadcrumbs,
          mainiacjoe_overflow_paths, portal_sewer_entry_e, eino_curves_02,
          dk_noncrumbling_2, grunt_decor_mini_mirrors, uniq_natasha,
          uniq_edmund, uniq_sigmund
D:5:      layout_gridville, minmay_temple_entry_ruins

Skill      XL: |  1  2  3  4  5 |
---------------+----------------+-----
Conjurations   | 6 7 |  7.8
Spellcasting   | 3 4 |  4.3
Dodging        | |  2.1
Stealth        | |  2.0

Action                   |  1- 3 |  4- 6 || total
-------------------------+-------+-------++-------
Melee: Unarmed           |     5 |       ||     5
       Kick              |     2 |     2 ||     4
       Peck              |     1 |       ||     1
       Dagger            |       |     2 ||     2
 Cast: Magic Dart        |    81 |    89 ||   170
       Searing Ray       |       |     6 ||     6
  Use: Potion            |     1 |     1 ||     2
Armor: Robe              |     3 |       ||     3
Dodge: Dodged            |    14 |    14 ||    28
